[Event "Titled Tuesday Blitz September 21 2021"]
[White "Baches Garcia, Guillermo"]
[Black "Aradhya, Garg"]
[WhiteFideId "2209764"]
[BlackFideId "25006746"]
[WhiteElo "2470"]
[BlackElo "2146"]
[Result "1-0"]
[Round "07"]
[TimeControl "180+1"]
[Date "2021.09.21"]
[WhiteClock "0:00:54"]
[BlackClock "0:02:14"]

1. e4 e5 2. Nf3 Nc6 3. Nc3 Nf6 4. d4 exd4 5. Nxd4 Nxe4 6. Nxe4 Qe7 7. f3 d5 8. Bb5 Bd7 9. Bxc6 bxc6 10. Be3 dxe4 11. fxe4 Qh4+ 12. g3 Qxe4 13. Qf3 Qxf3 14. Nxf3 Bd6 15. O-O-O O-O-O 16. Nd4 Rhe8 17. Rde1 1-0


[Site "https://www.chess.com"]

[Event "Titled Tuesday Blitz September 21 2021"]
[White "Bacrot, Etienne"]
[Black "Arabidze, Meri"]
[WhiteFideId "605506"]
[BlackFideId "13604040"]
[WhiteElo "2673"]
[BlackElo "2432"]
[Result "1-0"]
[Round "07"]
[TimeControl "180+1"]
[Date "2021.09.21"]
[WhiteClock "0:01:28"]
[BlackClock "0:00:30"]

1. d4 d5 2. Nf3 Nf6 3. b4 e6 4. a3 Be7 5. g3 O-O 6. Bg2 a5 7. b5 c5 8. bxc6 Nxc6 9. O-O b5 10. Nbd2 Ba6 11. Re1 Rc8 12. Bb2 b4 13. axb4 Nxb4 14. c3 Nc6 15. h4 Qb6 16. Rb1 Bb5 17. e4 dxe4 18. Ne5 Qc7 19. c4 Ba6 20. Rc1 Nxe5 21. dxe5 1-0


[Site "https://www.chess.com"]

[Event "Titled Tuesday Blitz September 21 2021"]
[White "Balleisen, Aaron"]
[Black "Kislov, Oleg"]
[WhiteFideId "2087073"]
[BlackFideId "13503774"]
[WhiteElo "2288"]
[BlackElo "2252"]
[Result "1/2-1/2"]
[Round "07"]
[TimeControl "180+1"]
[Date "2021.09.21"]
[WhiteClock "0:01:35"]
[BlackClock "0:01:51"]

1. d4 Nf6 2. c4 e6 3. Nf3 d5 4. g3 Be7 5. Bg2 O-O 6. O-O dxc4 7. Qc2 Bd7 8. Ne5 Bc6 9. Nxc6 Nxc6 10. Bxc6 bxc6 11. Qxc4 Qd5 12. Qxd5 cxd5 13. Bf4 c5 14. dxc5 Bxc5 15. Nd2 a5 16. Rfc1 Rfc8 17. Nb3 Bb6 18. Rxc8+ Rxc8 19. Rc1 Rxc1+ 20. Nxc1 Ne4 21. Nd3 1/2-1/2


[Site "https://www.chess.com"]

[Event "Titled Tuesday Blitz September 21 2021"]
[White "Boidiya, Sidi"]
[Black "Silva, Miguel Antonio Neto"]
[WhiteFideId "19600100"]
[BlackFideId "1911929"]
[WhiteElo "2113"]
[BlackElo "2283"]
[Result "1-0"]
[Round "07"]
[TimeControl "180+1"]
[Date "2021.09.21"]
[WhiteClock "0:00:51"]
[BlackClock "0:02:17"]

1. e4 c6 2. d4 d5 3. Nd2 dxe4 4. Nxe4 Nf6 5. Ng5 Bf5 6. N1f3 h6 7. Nxf7 Kxf7 8. Ne5+ Kg8 9. Bc4+ Nd5 10. Qf3 Be6 11. Bd3 Nd7 12. Ng6 Nb4 13. Nxh8 1-0


[Site "https://www.chess.com"]

[Event "Titled Tuesday Blitz September 21 2021"]
[White "Corrales Jimenez, Fidel"]
[Black "De Silva, L M S T"]
[WhiteFideId "3506690"]
[BlackFideId "9953698"]
[WhiteElo "2555"]
[BlackElo "1621"]
[Result "1-0"]
[Round "07"]
[TimeControl "180+1"]
[Date "2021.09.21"]
[WhiteClock "0:00:44"]
[BlackClock "0:02:35"]

1. e4 e5 2. Nf3 Nc6 3. d4 exd4 4. Nxd4 Qf6 5. Nf3 Qg6 6. Nc3 Bb4 7. Bd2 Nf6 8. e5 Ng4 9. Bd3 Qe6 10. O-O Ngxe5 11. Nxe5 Nxe5 12. Re1 O-O 13. Qh5 1-0


[Site "https://www.chess.com"]

[Event "Titled Tuesday Blitz September 21 2021"]
[White "Costachi, Mihnea"]
[Black "Koridze, Lile"]
[WhiteFideId "1217518"]
[BlackFideId "13612514"]
[WhiteElo "2482"]
[BlackElo "1978"]
[Result "0-1"]
[Round "07"]
[TimeControl "180+1"]
[Date "2021.09.21"]
[WhiteClock "0:01:48"]
[BlackClock "0:01:44"]

1. g4 d5 2. Bg2 Bxg4 3. c4 Be6 4. Qb3 Bc8 5. cxd5 Na6 6. Nc3 Nf6 7. e4 g6 8. e5 Nh5 9. d4 Bg7 10. Nge2 O-O 11. Be3 Bf5 12. Qxb7 Qc8 13. d6 Rb8 14. Qxc8 Rfxc8 15. dxe7 Rxb2 16. Bc6 Nb4 17. Ba4 c6 0-1


[Site "https://www.chess.com"]

[Event "Titled Tuesday Blitz September 21 2021"]
[White "Djokic, Mihailo"]
[Black "Nenezic, Marko"]
[WhiteFideId "976440"]
[BlackFideId "912123"]
[WhiteElo "2008"]
[BlackElo "2481"]
[Result "1/2-1/2"]
[Round "07"]
[TimeControl "180+1"]
[Date "2021.09.21"]
[WhiteClock "0:00:56"]
[BlackClock "0:01:56"]

1. e4 c5 2. Nf3 d6 3. d4 cxd4 4. Nxd4 Nf6 5. Nc3 a6 6. Rg1 h5 7. h3 h4 8. Bg5 Qa5 9. Qd2 Nc6 10. Nf3 Ne5 11. Nxe5 dxe5 12. Bxf6 gxf6 13. Nd5 Qxd2+ 14. Kxd2 Kd8 15. Nb6 Rb8 16. Bc4 Be6 17. Rgd1 Kc7 18. Bxe6 fxe6 19. Nc4 Rg8 20. Rg1 Bh6+ 21. Ke2 Rbd8 22. c3 Rd7 23. a4 Kc6 24. Rad1 1/2-1/2


[Site "https://www.chess.com"]

[Event "Titled Tuesday Blitz September 21 2021"]
[White "Djordjevic, Vuk"]
[Black "Federzoni, Enzo"]
[WhiteFideId "902098"]
[BlackFideId "2173301"]
[WhiteElo "2463"]
[BlackElo "1956"]
[Result "0-1"]
[Round "07"]
[TimeControl "180+1"]
[Date "2021.09.21"]
[WhiteClock "0:01:51"]
[BlackClock "0:01:56"]

1. d4 Nf6 2. Bg5 Ne4 3. Bf4 d5 4. e3 e6 5. Nd2 Nxd2 6. Qxd2 c5 7. Nf3 Nc6 8. c3 Bd6 9. Bg3 O-O 10. Bd3 b6 11. O-O Re8 12. e4 dxe4 13. Bxe4 Bb7 14. dxc5 Bxg3 15. hxg3 Qxd2 16. Nxd2 bxc5 17. Nb3 Na5 18. Nxc5 Bxe4 19. Nxe4 Nc4 20. b3 Ne5 21. c4 a5 22. Rfd1 f5 0-1


[Site "https://www.chess.com"]

[Event "Titled Tuesday Blitz September 21 2021"]
[White "Dobrov, Vladimir"]
[Black "Karpeshov, Oleg"]
[WhiteFideId "4136594"]
[BlackFideId "4106814"]
[WhiteElo "2614"]
[BlackElo "2354"]
[Result "1-0"]
[Round "07"]
[TimeControl "180+1"]
[Date "2021.09.21"]
[WhiteClock "0:00:23"]
[BlackClock "0:00:36"]

1. d4 Nf6 2. c4 e6 3. Nf3 d5 4. g3 c5 5. cxd5 exd5 6. Bg2 Nc6 7. O-O Be7 8. Nc3 O-O 9. dxc5 Bxc5 10. a3 a5 11. Bg5 d4 12. Bxf6 Qxf6 13. Nd5 Qd8 14. Nd2 Ba7 15. Rc1 Re8 16. Nf4 Bg4 17. h3 Bf5 18. Nd3 Qe7 19. Re1 Rad8 20. Nc4 Be4 21. Qd2 Bxg2 22. Kxg2 1-0


[Site "https://www.chess.com"]

[Event "Titled Tuesday Blitz September 21 2021"]
[White "Dudzinski, Pawel"]
[Black "Williams, Simon K"]
[WhiteFideId "1117890"]
[BlackFideId "404454"]
[WhiteElo "2193"]
[BlackElo "2468"]
[Result "0-1"]
[Round "07"]
[TimeControl "180+1"]
[Date "2021.09.21"]
[WhiteClock "0:01:38"]
[BlackClock "0:01:44"]

1. e4 e6 2. d4 b6 3. Nd2 Bb7 4. Ngf3 d6 5. Bd3 Nd7 6. O-O g6 7. c3 Bg7 8. Re1 Ne7 9. a4 a6 10. Nb3 h6 11. Be3 g5 12. h3 Ng6 13. e5 dxe5 14. Bxg6 fxg6 15. dxe5 O-O 16. Nbd4 Qe7 17. Qb3 Rae8 18. a5 b5 0-1


[Site "https://www.chess.com"]

[Event "Titled Tuesday Blitz September 21 2021"]
[White "Ekdyshman, Mikhail"]
[Black "Sadovsky, Artem"]
[WhiteFideId "4149416"]
[BlackFideId "4155840"]
[WhiteElo "2256"]
[BlackElo "2414"]
[Result "0-1"]
[Round "07"]
[TimeControl "180+1"]
[Date "2021.09.21"]
[WhiteClock "0:01:55"]
[BlackClock "0:01:45"]

1. e4 g6 2. d4 Bg7 3. Nc3 c6 4. Be3 d5 5. e5 h5 6. f4 Nh6 7. Nf3 Bg4 8. Be2 Nf5 9. Bf2 e6 10. Qd2 Nd7 11. O-O-O b5 12. h3 Bxf3 13. Bxf3 h4 14. Ne2 Nb6 15. Qc3 Rc8 16. Kb1 Bf8 17. Nc1 Nc4 18. b3 Na3+ 19. Ka1 a5 20. Nd3 Qb6 21. Nc5 b4 0-1


[Site "https://www.chess.com"]

[Event "Titled Tuesday Blitz September 21 2021"]
[White "Erdogmus, Yagiz Kaan"]
[Black "Thomas, Anysia"]
[WhiteFideId "44599790"]
[BlackFideId "670472"]
[WhiteElo "1783"]
[BlackElo "2004"]
[Result "1-0"]
[Round "07"]
[TimeControl "180+1"]
[Date "2021.09.21"]
[WhiteClock "0:00:48"]
[BlackClock "0:01:41"]

1. e4 c5 2. Nf3 g6 3. d4 cxd4 4. Qxd4 Nf6 5. Nc3 Nc6 6. Qa4 d6 7. e5 dxe5 8. Nxe5 Bd7 9. Nxd7 Nxd7 10. Bb5 Bg7 11. O-O O-O 12. Rd1 Qc8 13. Nd5 Re8 14. Qh4 Nf6 15. c3 Nxd5 16. Rxd5 a6 17. Bf1 b5 18. Be3 Qb7 19. Rad1 Ne5 20. R5d2 Rac8 21. Qg3 1-0


[Site "https://www.chess.com"]

[Event "Titled Tuesday Blitz September 21 2021"]
[White "Espinosa Veloz, Ermes"]
[Black "Grandelius, Nils"]
[WhiteFideId "3507424"]
[BlackFideId "1710400"]
[WhiteElo "2333"]
[BlackElo "2651"]
[Result "0-1"]
[Round "07"]
[TimeControl "180+1"]
[Date "2021.09.21"]
[WhiteClock "0:01:04"]
[BlackClock "0:01:09"]

1. e4 c5 2. Nf3 e6 3. d4 cxd4 4. Nxd4 a6 5. Bd3 Nf6 6. O-O d6 7. c4 Be7 8. Nc3 b6 9. a4 O-O 10. Be3 Bb7 11. a5 bxa5 12. Qa4 Ng4 13. Bd2 Ne5 14. Be2 Nbc6 15. Nb3 Qc8 16. f4 Nd7 17. Be3 Bd8 18. Rad1 Bc7 19. f5 Nce5 20. Nxa5 Nc5 21. Bxc5 dxc5 0-1


[Site "https://www.chess.com"]

[Event "Titled Tuesday Blitz September 21 2021"]
[White "Estrada Nieto, Julian"]
[Black "Weetik, Vjacheslav"]
[WhiteFideId "5101018"]
[BlackFideId "4153472"]
[WhiteElo "2270"]
[BlackElo "2469"]
[Result "1-0"]
[Round "07"]
[TimeControl "180+1"]
[Date "2021.09.21"]
[WhiteClock "0:00:01"]
[BlackClock "0:00:35"]

1. e4 c5 2. Nf3 d6 3. Bb5+ Nc6 4. Bxc6+ bxc6 5. e5 dxe5 6. Nxe5 Qd5 7. Nf3 Qe4+ 8. Qe2 Qxe2+ 9. Kxe2 Ba6+ 10. Kd1 Nf6 11. d3 c4 12. dxc4 Bxc4 13. Nbd2 O-O-O 14. b3 Bd5 15. Bb2 Bxf3+ 16. gxf3 g6 17. Ke2 Bh6 18. Rhd1 1-0


[Site "https://www.chess.com"]

[Event "Titled Tuesday Blitz September 21 2021"]
[White "FGHSMN"]
[Black "Tang, Andrew"]
[BlackFideId "2059630"]
[WhiteElo "2746"]
[BlackElo "2588"]
[Result "0-1"]
[Round "07"]
[TimeControl "180+1"]
[Date "2021.09.21"]
[WhiteClock "0:01:21"]
[BlackClock "0:00:45"]

1. b3 d5 2. Bb2 c5 3. e3 Nc6 4. Bb5 Qb6 5. Bxc6+ Qxc6 6. Nf3 Nf6 7. c4 dxc4 8. bxc4 Bg4 9. h3 Bh5 10. Nc3 e6 11. O-O Bd6 12. Qa4 Qxa4 13. Nxa4 Bg6 14. Be5 Be7 15. d4 cxd4 16. exd4 O-O 17. Rfc1 Rfc8 0-1


[Site "https://www.chess.com"]

[Event "Titled Tuesday Blitz September 21 2021"]
[White "Gabrielian, Artur"]
[Black "Nesterov, Arseniy"]
[WhiteFideId "4131002"]
[BlackFideId "24198455"]
[WhiteElo "2489"]
[BlackElo "2494"]
[Result "1-0"]
[Round "07"]
[TimeControl "180+1"]
[Date "2021.09.21"]
[WhiteClock "0:02:27"]
[BlackClock "0:00:58"]

1. e4 e5 2. Nc3 Nc6 3. g3 Bc5 4. Bg2 h5 5. h3 d6 6. Nge2 Nge7 7. d3 Be6 8. Nd5 Bd7 9. c3 Nxd5 10. exd5 Ne7 11. d4 exd4 12. Nxd4 h4 13. g4 Ng6 14. O-O O-O 15. Be3 Re8 16. Qd2 Qe7 17. Rae1 Qf8 18. f4 f5 19. g5 c6 20. dxc6 1-0


[Site "https://www.chess.com"]

[Event "Titled Tuesday Blitz September 21 2021"]
[White "Garcia Garcia, Alejandro"]
[Black "Mischuk, Dmitry"]
[WhiteFideId "3516334"]
[BlackFideId "14118734"]
[WhiteElo "2131"]
[BlackElo "2369"]
[Result "1-0"]
[Round "07"]
[TimeControl "180+1"]
[Date "2021.09.21"]
[WhiteClock "0:01:20"]
[BlackClock "0:01:52"]

1. Nf3 Nf6 2. g3 g6 3. Bg2 Bg7 4. O-O O-O 5. c4 d5 6. cxd5 Nxd5 7. Nc3 c5 8. d4 cxd4 9. Nxd4 Nxc3 10. bxc3 e5 11. Nb5 Qa5 12. Qb3 Be6 13. c4 Na6 14. Be3 Rac8 15. Nd6 Rc7 16. Nxb7 Qb4 17. Rab1 Qxc4 18. Qa3 1-0


[Site "https://www.chess.com"]

[Event "Titled Tuesday Blitz September 21 2021"]
[White "GjakanTati"]
[Black "Kozak, Adam"]
[BlackFideId "753246"]
[WhiteElo "2638"]
[BlackElo "2448"]
[Result "0-1"]
[Round "07"]
[TimeControl "180+1"]
[Date "2021.09.21"]
[WhiteClock "0:01:22"]
[BlackClock "0:01:54"]

1. d4 Nf6 2. c4 g6 3. Nf3 Bg7 4. Nc3 d5 5. e3 O-O 6. b3 c5 7. Bb2 cxd4 8. exd4 dxc4 9. bxc4 Nc6 10. Be2 Bg4 11. d5 Bxf3 12. Bxf3 Ne5 13. Be2 Rc8 14. Qb3 Qb6 15. Na4 Qa5+ 16. Bc3 Qc7 17. Nb2 Ne4 18. Bb4 Nxc4 19. Rc1 Qf4 20. Nd3 Qg5 0-1


[Site "https://www.chess.com"]

[Event "Titled Tuesday Blitz September 21 2021"]
[White "Goltsev, Dmitry"]
[Black "Aldokhin, Ivan"]
[WhiteFideId "24176710"]
[BlackFideId "24115720"]
[WhiteElo "2334"]
[BlackElo "2265"]
[Result "1/2-1/2"]
[Round "07"]
[TimeControl "180+1"]
[Date "2021.09.21"]
[WhiteClock "0:02:25"]
[BlackClock "0:00:39"]

1. e4 c5 2. Nf3 e6 3. d4 cxd4 4. Nxd4 Nc6 5. Nc3 Qc7 6. Be2 a6 7. O-O Nf6 8. Be3 Be7 9. f4 d6 10. Bf3 Bd7 11. Qe2 Rc8 12. Rad1 b5 13. a3 Na5 14. g4 h6 15. h4 h5 16. g5 Ng4 17. Bxg4 hxg4 18. Qxg4 Nc4 19. Bc1 Nxa3 20. f5 b4 1/2-1/2


[Site "https://www.chess.com"]

[Event "Titled Tuesday Blitz September 21 2021"]
[White "Golubev, Mikhail"]
[Black "Gallegos Diaz, Carlos Alberto"]
[WhiteFideId "14100983"]
[BlackFideId "3900886"]
[WhiteElo "2374"]
[BlackElo "2362"]
[Result "0-1"]
[Round "07"]
[TimeControl "180+1"]
[Date "2021.09.21"]
[WhiteClock "0:01:36"]
[BlackClock "0:00:35"]

1. e4 d6 2. d4 Nf6 3. Nc3 c6 4. f4 Qa5 5. Bd3 e5 6. Nf3 Nbd7 7. O-O Be7 8. Ne2 O-O 9. fxe5 dxe5 10. c3 c5 11. dxe5 Ng4 12. e6 fxe6 13. Bf4 c4 0-1


[Site "https://www.chess.com"]

[Event "Titled Tuesday Blitz September 21 2021"]
[White "Gorin, Leonid"]
[Black "Begunov, Konstantin"]
[WhiteFideId "4131991"]
[BlackFideId "4118510"]
[WhiteElo "2363"]
[BlackElo "2262"]
[Result "1-0"]
[Round "07"]
[TimeControl "180+1"]
[Date "2021.09.21"]
[WhiteClock "0:01:58"]
[BlackClock "0:01:24"]

1. e4 g6 2. d4 Bg7 3. Nf3 c6 4. Nc3 d5 5. h3 dxe4 6. Nxe4 Nd7 7. Bc4 Ngf6 8. Qe2 O-O 9. O-O Nxe4 10. Qxe4 Nf6 11. Qh4 b5 12. Bb3 a5 13. a3 a4 14. Ba2 Bf5 15. c3 Be4 16. Ne5 Bd5 17. Bxd5 Qxd5 18. Re1 Rfe8 19. Nd3 Rad8 20. Bg5 Qc4 21. Rad1 Rd5 22. Qg3 1-0


[Site "https://www.chess.com"]

[Event "Titled Tuesday Blitz September 21 2021"]
[White "Gubanov, Oleg"]
[Black "Piesik, Piotr"]
[WhiteFideId "14115115"]
[BlackFideId "1136194"]
[WhiteElo "2128"]
[BlackElo "2365"]
[Result "1-0"]
[Round "07"]
[TimeControl "180+1"]
[Date "2021.09.21"]
[WhiteClock "0:00:39"]
[BlackClock "0:01:57"]

1. d4 c5 2. d5 e5 3. Nc3 d6 4. e4 Be7 5. Nf3 a6 6. a4 Bg4 7. h3 Bxf3 8. Qxf3 Bg5 9. Qg3 Bxc1 10. Rxc1 Qf6 11. Bd3 Ne7 12. O-O O-O 13. f4 exf4 14. Rxf4 Qe5 15. Qf2 Ng6 16. Rf5 Qe7 17. Rf1 Nd7 18. Nd1 Nde5 19. Ne3 Nxd3 20. cxd3 Ne5 21. Qg3 g6 22. Rf6 Kh8 23. Ng4 Nxg4 24. hxg4 Rad8 25. Qh4 Rd7 26. R1f3 Kg7 27. g5 1-0


[Site "https://www.chess.com"]

[Event "Titled Tuesday Blitz September 21 2021"]
[White "Guliev, Logman"]
[Black "Kovalchuk94"]
[WhiteFideId "13400061"]
[WhiteElo "2128"]
[BlackElo "2688"]
[Result "0-1"]
[Round "07"]
[TimeControl "180+1"]
[Date "2021.09.21"]
[WhiteClock "0:00:34"]
[BlackClock "0:02:14"]

1. e4 e5 2. Nf3 Nf6 3. Nxe5 d6 4. Nf3 Nxe4 5. d4 d5 6. Bd3 Bd6 7. O-O O-O 8. c4 c6 9. Nc3 Nxc3 10. bxc3 dxc4 11. Bxc4 Bf5 12. Re1 Nd7 13. Bg5 Qa5 14. Qd2 Nb6 15. Bb3 Nd5 16. c4 Bb4 17. Qd1 Bxe1 18. cxd5 Bc3 19. Rc1 cxd5 20. Ne5 Rac8 21. Be7 Rfe8 22. Bc5 Be6 0-1


[Site "https://www.chess.com"]

[Event "Titled Tuesday Blitz September 21 2021"]
[White "Hambleton, Aman"]
[Black "Kumala, Aleksander"]
[WhiteFideId "2606577"]
[BlackFideId "1141880"]
[WhiteElo "2552"]
[BlackElo "2269"]
[Result "0-1"]
[Round "07"]
[TimeControl "180+1"]
[Date "2021.09.21"]
[WhiteClock "0:00:13"]
[BlackClock "0:00:39"]

1. d4 Nf6 2. c4 e5 3. dxe5 Ng4 4. e3 Nxe5 5. Nh3 d5 6. cxd5 Bxh3 7. gxh3 Bd6 8. Nc3 Nbd7 9. Bg2 Qh4 10. O-O O-O 11. f4 Ng6 12. Qg4 f5 13. Qg3 Rae8 14. Nb5 Bc5 15. Nxc7 Qxg3 0-1


[Site "https://www.chess.com"]

[Event "Titled Tuesday Blitz September 21 2021"]
[White "Harshavardhan G B"]
[Black "Onyshchuk, Volodymyr"]
[WhiteFideId "25059009"]
[BlackFideId "14114038"]
[WhiteElo "1825"]
[BlackElo "2603"]
[Result "0-1"]
[Round "07"]
[TimeControl "180+1"]
[Date "2021.09.21"]
[WhiteClock "0:00:10"]
[BlackClock "0:01:09"]

1. d4 d6 2. c4 e5 3. Nf3 e4 4. Nfd2 f5 5. e3 Nf6 6. Nc3 g6 7. b4 Bg7 8. Qb3 O-O 9. Be2 Be6 10. a4 Nbd7 11. Ba3 c6 12. b5 c5 13. Rd1 Bf7 14. Nf1 Qe7 15. Ng3 h5 16. h4 Rac8 17. O-O Ne8 18. dxc5 Nxc5 0-1


[Site "https://www.chess.com"]

[Event "Titled Tuesday Blitz September 21 2021"]
[White "Iskusnyh, Sergei"]
[Black "Vrencian, Lehel"]
[WhiteFideId "4120027"]
[BlackFideId "1230999"]
[WhiteElo "2492"]
[BlackElo "2058"]
[Result "0-1"]
[Round "07"]
[TimeControl "180+1"]
[Date "2021.09.21"]
[WhiteClock "0:01:28"]
[BlackClock "0:01:30"]

1. d4 d5 2. c4 dxc4 3. e3 Nf6 4. Bxc4 e6 5. Nf3 a6 6. O-O Nbd7 7. Re1 b5 8. Bd3 c5 9. e4 cxd4 10. e5 Nd5 11. Nxd4 Bb7 12. Nxe6 Qb6 13. Nxf8 Nxf8 14. Qg4 Ng6 15. Nc3 O-O 16. Nxd5 Bxd5 17. h4 Rfe8 18. Qg3 Qd4 0-1


[Site "https://www.chess.com"]

[Event "Titled Tuesday Blitz September 21 2021"]
[White "Kamsky, Gata"]
[Black "Andreikin, Dmitry"]
[WhiteFideId "2000024"]
[BlackFideId "4158814"]
[WhiteElo "2946"]
[BlackElo "3026"]
[Result "1/2-1/2"]
[Round "07"]
[TimeControl "180+1"]
[Date "2021.09.21"]
[WhiteClock "0:01:55"]
[BlackClock "0:02:18"]

1. d4 d5 2. Bf4 Nf6 3. e3 g6 4. Nf3 Bg7 5. c3 O-O 6. Nbd2 c5 7. Be2 Nc6 8. h3 Nd7 9. O-O e5 10. dxe5 Ndxe5 11. Nxe5 Bxe5 12. Bxe5 Nxe5 13. Nf3 Nxf3+ 14. Bxf3 Be6 15. Qa4 Qb6 16. Qb3 Rfd8 17. Rfd1 Rd7 18. Rd2 Rad8 19. Qxb6 axb6 20. a3 f5 21. Rad1 Kg7 1/2-1/2


[Site "https://www.chess.com"]

[Event "Titled Tuesday Blitz September 21 2021"]
[White "Kobalia, Mikhail"]
[Black "Karttunen, Mika"]
[WhiteFideId "4119150"]
[BlackFideId "502081"]
[WhiteElo "2626"]
[BlackElo "2343"]
[Result "0-1"]
[Round "07"]
[TimeControl "180+1"]
[Date "2021.09.21"]
[WhiteClock "0:02:38"]
[BlackClock "0:00:27"]

1. e4 c5 2. Nf3 d6 3. d4 cxd4 4. Nxd4 Nf6 5. Nc3 a6 6. Be3 e5 7. Nb3 Be6 8. Qd2 Nbd7 9. O-O-O b5 10. f4 Rc8 11. Kb1 Be7 12. Bd3 O-O 13. f5 Bc4 14. g4 Nxg4 15. Rhg1 Nxe3 16. Qxe3 Kh8 17. Bxc4 bxc4 18. Nd2 Qb6 19. Qg3 Rg8 20. Nd5 Qd8 21. Nf3 Bf6 0-1


[Site "https://www.chess.com"]

[Event "Titled Tuesday Blitz September 21 2021"]
[White "Kollars, Dmitrij"]
[Black "Tsaruk, Maksim"]
[WhiteFideId "12909572"]
[BlackFideId "13511173"]
[WhiteElo "2584"]
[BlackElo "2195"]
[Result "1/2-1/2"]
[Round "07"]
[TimeControl "180+1"]
[Date "2021.09.21"]
[WhiteClock "0:02:07"]
[BlackClock "0:01:27"]

1. e4 c5 2. Nf3 d6 3. Bb5+ Bd7 4. Bxd7+ Qxd7 5. c4 Nc6 6. Nc3 g6 7. d4 cxd4 8. Nxd4 Bg7 9. Be3 Nf6 10. f3 O-O 11. O-O a6 12. Qd3 Qc7 13. b3 Rfc8 14. Rac1 Ne5 15. Qe2 e6 16. Rfd1 Nfd7 17. f4 Nc6 18. Qd2 Nc5 19. Nxc6 1/2-1/2


[Site "https://www.chess.com"]

[Event "Titled Tuesday Blitz September 21 2021"]
[White "Krivonosov, Oleg"]
[Black "Perez Ponsa, Federico"]
[WhiteFideId "11600349"]
[BlackFideId "117927"]
[WhiteElo "2469"]
[BlackElo "2672"]
[Result "1-0"]
[Round "07"]
[TimeControl "180+1"]
[Date "2021.09.21"]
[WhiteClock "0:01:34"]
[BlackClock "0:01:35"]

1. Nf3 c5 2. c4 Nc6 3. d4 cxd4 4. Nxd4 Nf6 5. Nc3 e6 6. Bf4 Bb4 7. Nb5 O-O 8. Bd6 Bxd6 9. Nxd6 b6 10. e3 Ba6 11. Be2 Ne8 12. Nxe8 Rxe8 13. O-O Rc8 14. Rc1 f5 15. b3 Qe7 16. Qd2 Red8 17. f4 Bb7 18. Bf3 g5 19. g3 g4 20. Bg2 h5 21. e4 h4 22. exf5 exf5 23. Rfe1 Qc5+ 24. Qf2 h3 25. Bd5+ Kg7 26. Qxc5 1-0


[Site "https://www.chess.com"]

[Event "Titled Tuesday Blitz September 21 2021"]
[White "Krysa, Leandro"]
[Black "Belenkaya, Dina"]
[WhiteFideId "116807"]
[BlackFideId "24142654"]
[WhiteElo "2490"]
[BlackElo "2247"]
[Result "0-1"]
[Round "07"]
[TimeControl "180+1"]
[Date "2021.09.21"]
[WhiteClock "0:00:54"]
[BlackClock "0:00:19"]

1. e4 d5 2. exd5 Qxd5 3. Nf3 Bg4 4. Be2 Nc6 5. d4 O-O-O 6. c4 Qd7 7. d5 Bxf3 8. gxf3 Ne5 9. Nc3 Nf6 10. Be3 a6 11. Qd4 Nc6 12. Qc5 Nb8 13. Qa7 e6 0-1


[Site "https://www.chess.com"]

[Event "Titled Tuesday Blitz September 21 2021"]
[White "Kushko, Dmitriy"]
[Black "Tong, Hai Anh"]
[WhiteFideId "14162261"]
[BlackFideId "12412805"]
[WhiteElo "2219"]
[BlackElo "1467"]
[Result "1/2-1/2"]
[Round "07"]
[TimeControl "180+1"]
[Date "2021.09.21"]
[WhiteClock "0:00:36"]
[BlackClock "0:02:21"]

1. Nf3 c6 2. g3 d5 3. Bg2 Nf6 4. O-O Bf5 5. c4 e6 6. Qb3 Qc7 7. d4 b6 8. Nc3 Nbd7 9. Nh4 Bg6 10. Nxg6 hxg6 11. cxd5 exd5 12. e4 dxe4 13. Nxe4 Nxe4 14. Bxe4 Bd6 15. Bg5 O-O 16. Rac1 Rac8 17. Rxc6 1/2-1/2


[Site "https://www.chess.com"]

[Event "Titled Tuesday Blitz September 21 2021"]
[White "Kwon, Sehyun"]
[Black "Quparadze, Giga"]
[WhiteFideId "13203088"]
[BlackFideId "13602250"]
[WhiteElo "1778"]
[BlackElo "2658"]
[Result "1/2-1/2"]
[Round "07"]
[TimeControl "180+1"]
[Date "2021.09.21"]
[WhiteClock "0:01:02"]
[BlackClock "0:02:32"]

1. Nf3 e6 2. c4 Nf6 3. g3 d5 4. Bg2 dxc4 5. Qa4+ Bd7 6. Qxc4 c5 7. Ne5 Qc8 8. Qd3 Nc6 9. Nxd7 Nxd7 10. Nc3 Be7 11. Qb5 a6 12. Qa4 Nd4 13. O-O b5 14. Qd1 b4 15. Bxa8 Qxa8 16. Nb1 h5 17. f3 Ne5 18. d3 1/2-1/2


[Site "https://www.chess.com"]

[Event "Titled Tuesday Blitz September 21 2021"]
[White "Lamaze, Simon"]
[Black "Sharma, Dinesh K."]
[WhiteFideId "36069264"]
[BlackFideId "5004110"]
[WhiteElo "1999"]
[BlackElo "2392"]
[Result "0-1"]
[Round "07"]
[TimeControl "180+1"]
[Date "2021.09.21"]
[WhiteClock "0:00:49"]
[BlackClock "0:01:51"]

1. d4 d5 2. Nf3 Nf6 3. g3 c6 4. c4 Bf5 5. Nc3 e6 6. Qb3 Qb6 7. c5 Qc7 8. Bf4 Qc8 9. Bg2 Nbd7 10. O-O b6 11. cxb6 axb6 12. Ne5 Be7 13. Rfc1 c5 14. Nb5 O-O 15. a4 c4 16. Qd1 h6 17. b3 Nxe5 18. dxe5 Ne4 19. bxc4 dxc4 20. Nd6 Bxd6 21. exd6 Qc5 22. Be3 Qc6 23. Qd4 Rac8 0-1


[Site "https://www.chess.com"]

[Event "Titled Tuesday Blitz September 21 2021"]
[White "Lashkin, Jegor"]
[Black "Suarez Gomez, Julio"]
[WhiteFideId "13907808"]
[BlackFideId "22275991"]
[WhiteElo "2293"]
[BlackElo "2376"]
[Result "1-0"]
[Round "07"]
[TimeControl "180+1"]
[Date "2021.09.21"]
[WhiteClock "0:01:02"]
[BlackClock "0:01:45"]

1. d4 e6 2. c4 d5 3. Nf3 Nf6 4. Nc3 dxc4 5. e4 Bb4 6. Bxc4 Nxe4 7. O-O Nf6 8. Qa4+ Nc6 9. Ne5 Rb8 10. Nxc6 bxc6 11. Qxc6+ Bd7 12. Qf3 O-O 13. Rd1 Bc8 14. Bg5 Be7 15. d5 e5 16. h3 Rxb2 17. Bb3 e4 18. Qe3 Ng4 19. Bxe7 Nxe3 20. Bxd8 Nxd1 21. Nxd1 Rxb3 22. axb3 1-0


[Site "https://www.chess.com"]